 Dungeon Crawl Stone Soup version 0.27.1-34-g3ba077fa99 (webtiles) character file.

Game seed: 9774005127381950444

15918 Arum the Fighter (level 12, -12/100 HPs)
             Began as a Yellow Draconian Gladiator on Jan 14, 2022.
             Was a High Priest of Hepliaklqana.
             Mangled by an entropy weaver simulacrum (38 damage)
             ... in an ice cave.
             The game lasted 00:22:19 (9818 turns).

Arum the Fighter (Yellow Draconian Gladiator)       Turns: 9818, Time: 00:22:19

Health: -12/100    AC: 13    Str: 16    XL:     12   Next: 5%
Magic:  12/12      EV: 22    Int:  9    God:    Hepliaklqana [*****.]
Gold:   594        SH:  0    Dex: 18    Spells: 11/11 levels left

rFire    . . .     SeeInvis .     - Unarmed
rCold    . . .     Faith    .   (no shield)
rNeg     . . .     Spirit   .   (armour unavailable)
rPois    .         Reflect  .   a - +0 hat
rElec    .         Harm     .   D - +0 cloak
rCorr    +         Rampage  .   (no gloves)
Will     .....                  (no boots)
Stlth    ++........             r - amulet of regeneration
HPRegen  1.26/turn              k - +4 ring of evasion
MPRegen  0.13/turn              g - +4 ring of protection

@: no status effects
A: reduced essence, spit acid, AC +8, unfitting armour, cold-blooded, acid
resistance
a: Breathe Acid, Renounce Religion, Recall Ancestor, Ancestor Identity,
Transference, Idealise


You were in an ice cave.
You worshipped Hepliaklqana.
Hepliaklqana was extremely pleased with you.
You visited 1 branch of the dungeon, and saw 12 of its levels.
You also visited: Ice Cave.

You collected 594 gold pieces.

Inventory:

Hand Weapons
 x - the +7 hand axe "Worm" {drain, rElec rF- Stlth+}
   (You found it on level 7 of the Dungeon)

   A truly terrible weapon, it drains the life of any living foe it strikes.
   rF:        It makes you vulnerable to fire.
   rElec:     It insulates you from electricity.
   Stlth:     It makes you more stealthy.
Missiles
 b - 10 throwing nets (quivered)
 n - 3 curare-tipped darts
 q - 19 poisoned darts
Armour
 a - a +0 hat (worn)
 D - a +0 cloak (worn)
Jewellery
 g - a +4 ring of protection (right hand)
 k - a +4 ring of evasion (left hand)
 r - an amulet of regeneration (around neck)
 w - a ring of poison resistance
 G - an amulet of guardian spirit
Wands
 j - a wand of polymorph (16)
 t - a wand of acid (1)
 u - a wand of digging (2)
 y - a wand of paralysis (6)
 z - a wand of charming (7)
 A - a wand of iceblast (3)
Scrolls
 h - a scroll of immolation
 i - 3 scrolls of summoning
 m - 9 scrolls of teleportation
 p - 2 scrolls of vulnerability
 v - 3 scrolls of fear
 B - 6 scrolls of brand weapon
 C - 2 scrolls of identify
Potions
 c - a potion of heal wounds
 d - 5 potions of curing
 e - 2 potions of lignification
 f - a potion of mutation
 l - 2 potions of invisibility
 o - 2 potions of might
 s - a potion of haste
 E - a potion of berserk rage
 F - a potion of brilliance {unknown}


   Skills:
 + Level 11.9 Fighting
 - Level 1.7 Throwing
 + Level 10.3 Dodging
 + Level 11.2 Unarmed Combat
 + Level 6.2 Evocations


You had 11 spell levels left.
You didn't know any spells.
Your spell library contained the following spells:

 Spells                   Type           Power      Damage    Failure   Level
 Summon Small Mammal      Summ           0%         N/A       38%         1
 Slow                     Hex            0%         N/A       52%         2
 Sublimation of Blood     Necr           0%         N/A       52%         2
 Wereblood                Tmut           0%         N/A       52%         2
 Call Canine Familiar     Summ           0%         N/A       77%         3
 Confusing Touch          Hex            0%         N/A       77%         3
 Summon Guardian Golem    Hex/Summ       0%         N/A       77%         3
 Vampiric Draining        Necr           0%         2d6       77%         3
 Summon Hydra             Summ           0%         N/A       100%        7


Dungeon Overview and Level Annotations

Branches:
Dungeon (12/15)            Temple (0/1) D:7            Lair (0/6) D:11
    Orc (0/2) D:9           IceCv (1/1)

Altars:
Cheibriados
Dithmenos
Fedhas
Gozag
Hepliaklqana
Kikubaaqudgha
Makhleb
Qazlal
Sif Muna
Wu Jian
Xom
Yredelemnul


Innate Abilities, Weirdness & Mutations

Your life essence is reduced to manifest your ancestor. (-10% HP)
You can spit globs of acid.
Your golden yellow scales are hard. (AC +8)
You cannot fit into any form of body armour.
You are cold-blooded and may be slowed by cold attacks.
You are resistant to acid. (rCorr)


Message History

You closely miss the entropy weaver simulacrum.
The entropy weaver simulacrum is moderately damaged.
You feel yourself speed up.
Arumera hits the entropy weaver simulacrum with a +0 dagger of draining.
The entropy weaver simulacrum hits you but does no damage.
The entropy weaver simulacrum hits you!
The entropy weaver simulacrum freezes you!!
You feel yourself slow down.
* * * LOW HITPOINT WARNING * * *
The entropy weaver simulacrum closely misses you.
The entropy weaver simulacrum hits you but does no damage.
Press: ? - help, v - describe, . - travel
Here: an entropy weaver simulacrum (moderately damaged, ally target)
The floor.
Arumera hits the entropy weaver simulacrum with a +0 dagger of draining.
The entropy weaver simulacrum closely misses Arumera.
The entropy weaver simulacrum misses Arumera.
The entropy weaver simulacrum closely misses Arumera.
The entropy weaver simulacrum hits Arumera but does no damage.
Arumera hits the entropy weaver simulacrum with a +0 dagger of draining!
There is an ice choked empty arch of ancient stone here.
You feel much better.
You feel yourself speed up.
The entropy weaver simulacrum hits Arumera!
The entropy weaver simulacrum freezes Arumera!
Arumera resists.
The entropy weaver simulacrum hits Arumera!
The entropy weaver simulacrum freezes Arumera!
Arumera resists.
Arumera is destroyed!
Okay, then.
You punch the entropy weaver simulacrum!
The entropy weaver simulacrum is almost destroyed.
The entropy weaver simulacrum hits you but does no damage.
The entropy weaver simulacrum closely misses you.
The entropy weaver simulacrum hits you but does no damage.
The entropy weaver simulacrum hits you!
* * * LOW HITPOINT WARNING * * *
The entropy weaver simulacrum freezes you!!!
You die...

#####
##.∩.##
#..@..#
##.Z.##
##Z##
#.# ...
.....
.#####.
## ##


You could see a glowing shapeshifter simulacrum and an entropy weaver
simulacrum.

Vanquished Creatures
  Frances (D:12)
  Harold (D:7)
  3 two-headed ogres
  Pikel (D:6)
  The ghost of vvlvvlvvl the Merchant of Misery, a novice DsFi of Kikubaaqudgha (D:4)
  Maggie (D:9)
  2 rime drakes (D:12)
  An efreet (D:8)
  A kobold demonologist (D:12)
  A shadow (D:9)
  3 wyverns
  2 steam dragons
  5 yaks
  Menkaure (D:6)
  3 vampire mosquitoes (D:11)
  A two-headed ogre zombie (D:9)
  Edmund (D:5)
  2 water moccasins
  2 orc warriors
  2 ice beasts
  A necrophage (D:4)
  A hornet zombie (D:8)
  4 ogres
  3 centaurs
  3 phantoms
  3 kobold brigands
  2 bullfrogs
  A gnoll sergeant (D:4)
  2 scorpions
  A water moccasin skeleton (D:4)
  2 troll zombies (D:9)
  5 killer bees
  A howler monkey (D:12)
  A bullfrog zombie (D:3)
  2 centaur zombies
  A bullfrog skeleton (D:5)
  3 orc priests
  A gnoll shaman (D:4)
  2 hounds (D:5)
  3 jellies
  An iron imp (D:10)
  2 iguanas (D:5)
  2 orc wizards
  3 ogre zombies (D:9)
  A hound zombie (D:4)
  A hound skeleton (D:3)
  A howler monkey zombie (D:9)
  11 gnolls
  4 adders
  An adder skeleton (D:3)
  2 worms
  3 dart slugs
  15 orcs
  6 bats
  An endoplasm (D:4)
  3 giant cockroaches
  8 goblins
  6 hobgoblins
  4 jackals (D:1)
  11 kobolds
  5 quokkas
  6 ball pythons
  3 frilled lizards
  3 goblin skeletons (D:9)
  5 goblin zombies (D:9)
  A hobgoblin zombie (D:9)
  An orc skeleton (D:9)
  12 orc zombies (D:9)
  4 rats
203 creatures vanquished.

Vanquished Creatures (collateral kills)
  Erolcha (D:9)
  A two-headed ogre (D:9)
  Joseph (D:9)
  A kobold demonologist (D:8)
  A troll (D:12)
  2 wyverns
  4 yaks
  A steam dragon (D:4)
  A vampire mosquito (D:11)
  A water moccasin (D:7)
  A sky beast (D:7)
  2 black bears
  A necrophage (D:6)
  An ogre (D:6)
  Blork the orc (D:6)
  A bullfrog (D:11)
  2 killer bees (D:10)
  3 howler monkeys
  2 centaur zombies
  A hound (D:4)
  An orc priest (D:6)
  A centaur skeleton (D:4)
  An orc wizard (D:11)
  2 ogre zombies (D:9)
  A gnoll (D:5)
  2 adders
  2 worms
  A dart slug (D:2)
  4 orcs
  An endoplasm (D:4)
  A hobgoblin (D:2)
  A goblin zombie (D:9)
  A hobgoblin zombie (D:9)
  An orc zombie (D:9)
49 creatures vanquished.

Vanquished Creatures (others)
  A killer bee (D:8)
  A howler monkey (D:8)
  6 hexers
  2 ancestors (D:1)
  6 fungi (D:11)
  2 plants (D:11)
18 creatures vanquished.

Grand Total: 270 creatures vanquished

Notes
Turn   | Place    | Note
-------+----------+-------------------------------------------
     0 | D:1      | Arum the Draconian Gladiator began the quest for the Orb.
     0 | D:1      | Reached XP level 1. HP: 17/17 MP: 1/1
   288 | D:1      | Reached XP level 2. HP: 24/25 MP: 2/2
   335 | D:1      | Noticed a great orb of eyes
   336 | D:1      | Found a faded altar of an unknown god.
   367 | D:1      | Noticed a shining eye
   377 | D:1      | Noticed a shining eye
   418 | D:1      | Noticed a floating eye
   446 | D:1      | Became a worshipper of Hepliaklqana the Forgotten
   446 | D:1      | Reached * piety under Hepliaklqana
   772 | D:1      | Reached XP level 3. HP: 27/27 MP: 3/3
  1603 | D:3      | Reached XP level 4. HP: 34/34 MP: 4/4
  1628 | D:3      | Reached ** piety under Hepliaklqana
  1632 | D:3      | Remembered your ancestor Arumera as a hexer
  1812 | D:3      | Found a burning altar of Makhleb.
  1819 | D:3      | You fall into a shaft and drop 1 floor!
  1820 | D:4      | Found a runed translucent gate.
  1820 | D:4      | Found a runed translucent gate.
  1820 | D:4      | Noticed vvlvvlvvl's ghost (novice DsFi)
  1862 | D:4      | Reached XP level 5. HP: 17/41 MP: 5/5
  2076 | D:4      | Found a runed translucent gate.
  2079 | D:4      | Noticed a phantom
  2469 | D:3      | Found a shimmering blue altar of Sif Muna.
  2521 | D:3      | Found a shadowy altar of Dithmenos.
  2598 | D:3      | Found a sparkling altar of Nemelex Xobeh.
  2600 | D:3      | Found an ornate altar of the Wu Jian Council.
  2600 | D:3      | Found a stormy altar of Qazlal.
  2602 | D:3      | Found a basalt altar of Yredelemnul.
  2602 | D:3      | Found a stormy altar of Qazlal.
  2602 | D:3      | Found a shimmering altar of Xom.
  2855 | D:4      | Killed a phantom
  2856 | D:4      | Reached XP level 6. HP: 39/47 MP: 6/6
  2983 | D:4      | Reached skill level 5 in Unarmed Combat
  3173 | D:4      | Reached skill level 5 in Fighting
  3328 | D:4      | Your scales start taking on a golden yellow colour.
  3328 | D:4      | Reached XP level 7. HP: 47/54 MP: 7/7
  3328 | D:4      | Gained mutation: You are resistant to acid. (rCorr) [Yellow
                  | Draconian growth]
  3338 | D:4      | Reached skill level 5 in Dodging
  3723 | D:4      | Noticed a steam dragon
  3733 | D:4      | Killed a steam dragon
  3819 | D:4      | Identified the +1 scale mail of Knowledge {+Blink rElec
                  | rC++ Dex-4}
  3875 | D:4      | Reached XP level 8. HP: 63/63 MP: 8/8
  3952 | D:4      | Killed vvlvvlvvl's ghost
  4063 | D:5      | Entered Level 5 of the Dungeon
  4480 | D:4      | Reached XP level 9. HP: 66/72 MP: 9/9
  4748 | D:5      | Reached *** piety under Hepliaklqana
  4844 | D:5      | Noticed Edmund
  4874 | D:5      | Killed Edmund
  4898 | D:5      | Found an ornate altar of the Wu Jian Council.
  5168 | D:6      | Noticed Blork the orc
  5177 | D:6      | Killed Blork the orc
  5177 | D:6      | Noticed Pikel
  5195 | D:6      | Killed Pikel
  5311 | D:6      | Noticed Menkaure
  5331 | D:6      | Killed Menkaure
  5343 | D:6      | Noticed a two-headed ogre
  5349 | D:6      | Killed a two-headed ogre
  5959 | D:7      | Found a staircase to the Ecumenical Temple.
  6200 | D:7      | Reached **** piety under Hepliaklqana
  6207 | D:7      | Reached XP level 10. HP: 81/81 MP: 10/10
  6219 | D:7      | Identified the +7 hand axe "Worm" {drain, rElec rF- Stlth+}
  6449 | D:7      | Noticed Harold
  6486 | D:7      | Killed Harold
  6758 | D:8      | Reached skill level 10 in Fighting
  6778 | D:8      | Reached skill level 1 in Evocations
  6858 | D:8      | Noticed a rust devil
  6861 | D:8      | Noticed a rust devil
  6929 | D:8      | Found an ancient bone altar of Kikubaaqudgha.
  6939 | D:8      | Found an opulent altar of Gozag.
  7024 | D:8      | Found a hazy altar of Hepliaklqana.
  7394 | D:9      | Noticed Erolcha
  7410 | D:9      | Killed Erolcha
  7573 | D:9      | Reached skill level 10 in Unarmed Combat
  7615 | D:9      | Noticed Joseph
  7628 | D:9      | Killed Joseph
  7689 | D:9      | Noticed Maggie
  7707 | D:9      | Killed Maggie
  7876 | D:9      | Reached ***** piety under Hepliaklqana
  7883 | D:9      | Reached XP level 11. HP: 83/90 MP: 11/11
  7925 | D:9      | Found a blossoming altar of Fedhas.
  7983 | D:9      | Noticed a two-headed ogre
  7984 | D:9      | Found a staircase to the Orcish Mines.
  7999 | D:9      | Killed a two-headed ogre
  8343 | D:10     | Entered Level 10 of the Dungeon
  8500 | D:10     | Found a snail-covered altar of Cheibriados.
  8569 | D:10     | Noticed a two-headed ogre
  8578 | D:10     | Killed a two-headed ogre
  9043 | D:11     | Reached skill level 5 in Evocations
  9095 | D:11     | Found a staircase to the Lair.
  9409 | D:11     | Noticed a two-headed ogre
  9417 | D:11     | Killed a two-headed ogre
  9418 | D:11     | Reached skill level 10 in Dodging
  9724 | D:12     | Noticed Frances
  9725 | D:12     | Found a frozen archway.
  9749 | D:12     | Noticed a sixfirhy
  9749 | D:12     | Noticed a sun demon
  9755 | D:12     | Killed Frances
  9756 | D:12     | Reached XP level 12. HP: 22/100 MP: 12/12
  9809 | IceCv    | Entered an ice cave
  9818 | IceCv    | Mangled by an entropy weaver simulacrum

Illustrated notes

Levels and vault maps discovered:
D:1:      wheals_arrival_shading, layout_loops_ring,
          hellmonk_ecumenical_altar_watching_god, serial_park_tiny_1,
          wander_ebering_terrifying_dragon_lair
D:2:      layout_rooms
D:3:      layout_loops_cross, doesnt_xom_only_xom, lemuel_crystal_altar,
          mainiacjoe_overflow_chevrons, mainiacjoe_overflow_small_starburst
D:4:      layout_basic, gammafunk_ghost_split, kennysheep_potato
D:5:      layout_rooms, lemuel_coloured_pillars_altar, uniq_edmund
D:6:      layout_cave_pools, uniq_menkaure, uniq_pikel, uniq_blork_the_orc
D:7:      layout_basic, temple_pool_b, uniq_harold
D:8:      layout_rooms, mainiacjoe_overflow_six_doors_small,
          amethyst_overflow_temple_binary, dk_noncrumbling_2, st_stairs_1
D:9:      layout_loops_ring, mainiacjoe_overflow_surrounded_room,
          zombieorc2_lemuel, uniq_erolcha, uniq_joseph, uniq_maggie
D:10:     layout_rooms, chei_slow_surprise
D:11:     layout_small_grid, grunt_lair_entry_orc_guard_hut
D:12:     layout_long_grid, portal_ice_cave_rime, uniq_frances
IceCv:    ice_cave_hellmonk_azure_passage

Skill      XL: |  1  2  3  4  5  6  7  8  9 10 11 |
---------------+----------------------------------+-----
Dodging        | 3 4 5 6 8 9 10 | 10.3
Fighting       | 3 4 5 6 7 9 10 11 | 11.9
Unarmed Combat | 4 5 6 7 8 10 11 | 11.2
Evocations     | 3 6 |  6.2
Throwing       | |  1.7

Action                   |  1- 3 |  4- 6 |  7- 9 | 10-12 || total
-------------------------+-------+-------+-------+-------++-------
Melee: Unarmed           |   145 |   133 |   253 |   495 ||  1026
       Tailslap          |    20 |    23 |    37 |    95 ||   175
       Punch             |     4 |     3 |     9 |    28 ||    44
Throw: Dart              |       |       |     1 |     3 ||     4
Invok: Ancestor Identity |     1 |       |       |       ||     1
       Ancestor Life: He |       |     1 |       |       ||     1
       Recall Ancestor   |       |     1 |       |       ||     1
 Abil: Breathe Acid      |       |       |     6 |     7 ||    13
Evoke: Wand              |       |       |       |     5 ||     5
  Use: Scroll            |       |     8 |     5 |     7 ||    20
       Potion            |       |       |     1 |     3 ||     4
 Stab: Sleeping          |     2 |     1 |     1 |     2 ||     6
       Confused          |       |     1 |     8 |     7 ||    16
       Distracted        |       |     2 |     2 |     4 ||     8
Armor: Skin              |    38 |    33 |    66 |    83 ||   220
Dodge: Dodged            |    88 |    73 |   196 |   492 ||   849
